AoeStats
← Yaumy

African Clearing

510613731Analyzed
2v2 RM · 1d ago on Oct 1, 2026· 55m 35s· 4 players
Game mode
Random Map
Map size
Medium (4 player)
Population
200
Speed
Normal
Resources
Standard
Victory
Conquest
Starting age
Dark Age
Ending age
Imperial Age
RankedLock teamsTeams togetherTeam positionsShared explorationLock speedFull tech treeHidden civsTurbo modeCheats
Victory
Defeat
🇫🇷 Italians · France
1535
+17
🇫🇷 Malians · France
1535
+17
🇩🇪 Gurjaras · Germany
1601
-20
🇧🇷 Slavs · Brazil
1496
-14
WILLIAM WILTZ
7:05 Loom
12:09 Feudal Age
12:42 Double-Bit Axe
12:38 Horse Collar
15:20 Fletching
28:34 Castle Age
27:30 Padded Archer Armor
27:24 Gold Mining
28:43 Crossbowman
29:48 Bodkin Arrow
40:10 Ballistics
43:27 Wheelbarrow
47:46 Imperial Age
46:08 Leather Archer Armor
47:41 Bow Saw
47:50 Arbalester
49:40 Chemistry
49:15 Ring Archer Armor
49:46 Thumb Ring
51:10 Stone Mining
52:12 Scale Barding Armor
52:17 Forging
53:28 Chain Barding Armor
53:53 Bloodlines
53:43 Husbandry
53:04 Heavy Camel Rider
Yaumy
9:12 Loom
11:32 Feudal Age
12:08 Double-Bit Axe
15:54 Horse Collar
22:15 Castle Age
20:13 Gold Mining
21:52 Bloodlines
22:57 Forging
23:43 Scale Barding Armor
23:40 Husbandry
24:32 Wheelbarrow
24:34 Bow Saw
25:12 Chain Barding Armor
30:22 Iron Casting
36:23 Town Watch
47:27 Imperial Age
46:33 Hand Cart
48:47 Plate Barding Armor
49:31 Blast Furnace
47:58 Cavalier
50:22 Elite Genoese Crossbowman
50:54 Fletching
51:05 Light Cavalry
53:14 Chemistry
52:34 Ballistics
52:25 Bodkin Arrow
52:56 Padded Archer Armor
53:49 Conscription
53:30 Bracer
53:56 Hussar
55:06 Leather Archer Armor
55:28 Hoardings
55:06 Masonry
Kümmelbrot OP
8:43 Loom
11:04 Feudal Age
11:43 Double-Bit Axe
11:45 Horse Collar
15:44 Scale Barding Armor
17:38 Loom
17:39 Town Watch
22:15 Wheelbarrow
26:26 Castle Age
27:17 Forging
27:16 Husbandry
27:27 Bloodlines
27:14 Light Cavalry
44:47 Fletching
55:14 Bow Saw
p1c0
3:58 Loom
13:01 Feudal Age
17:07 Castle Age
17:49 Double-Bit Axe
19:18 Fletching
25:55 Bodkin Arrow
27:32 Padded Archer Armor
31:00 Husbandry
35:55 Wheelbarrow
36:51 Bloodlines
40:01 Hand Cart
40:53 Ballistics
46:40 Imperial Age
44:39 Scale Barding Armor
44:44 Forging
45:32 Horse Collar
46:33 Chain Barding Armor
47:24 Iron Casting
48:36 Plate Barding Armor
48:01 Light Cavalry
49:49 Blast Furnace
50:41 Heavy Plow
50:52 Bow Saw
51:53 Conscription
53:02 Chemistry
52:18 Hussar
55:28 Two-Man Saw
Connection lost

Rejoining the realm…

Still unreachable

The connection could not be restored.

Session expired

The server has moved on; the page needs a fresh start.